AoeStats
← Spirit

Fortress

509315157Analyzed
3v3 RM · 6d ago on Sep 26, 2026· 51m 4s· 6 players
Game mode
Random Map
Map size
Large (8 player)
Population
200
Speed
Normal
Resources
Standard
Victory
Conquest
Starting age
Dark Age
Ending age
Imperial Age
RankedLock teamsTeams togetherTeam positionsShared explorationLock speedFull tech treeHidden civsTurbo modeCheats
Victory
Defeat
🇫🇷 Bengalis · France
1328
+15
🇪🇸 Danes · Spain
1251
+18
🇫🇷 Cumans · France
1219
+19
🇩🇪 Danes · Germany
1322
-18
🇩🇪 Saxons · Germany
1313
-18
🇩🇪 Spanish · Germany
1252
-16
CARANZA
8:19 Feudal Age
8:54 Double-Bit Axe
11:59 Castle Age
9:50 Horse Collar
10:25 Gold Mining
11:11 Scale Mail Armor
11:22 Forging
14:36 Chain Mail Armor
14:27 Loom
16:06 Squires
16:58 Iron Casting
16:49 Arson
24:28 Wheelbarrow
26:05 Bow Saw
26:05 Heavy Plow
30:45 Gambesons
35:08 Imperial Age
34:33 Hand Cart
35:45 Capped Ram
36:35 Elite Jomsviking
38:11 Plate Mail Armor
37:41 Siege Ram
38:00 Hamask
40:18 Blast Furnace
39:35 Elite Varangian Guard
42:41 Bloodlines
42:31 Husbandry
44:00 Chemistry
43:21 Ballistics
42:26 Heavy Scorpion
48:41 Siege Engineers
Elfufu
8:27 Feudal Age
16:28 Castle Age
15:10 Double-Bit Axe
15:06 Horse Collar
16:13 Forging
16:14 Fletching
18:54 Bow Saw
19:16 Heavy Plow
19:42 Bodkin Arrow
19:48 Padded Archer Armor
20:25 Bloodlines
23:02 Loom
23:52 Wheelbarrow
28:32 Imperial Age
27:46 Steppe Husbandry
27:55 Caravan
28:37 Leather Archer Armor
30:27 Ballistics
31:17 Two-Man Saw
31:11 Crop Rotation
30:36 Gold Mining
31:49 Ring Archer Armor
31:23 Elite Kipchak
34:40 Chemistry
34:12 Hand Cart
34:02 Cuman Mercenaries
36:17 Squires
35:40 Elite Skirmisher
36:31 Thumb Ring
36:49 Conscription
50:26 Scale Barding Armor
50:32 Forging
49:46 Elite Steppe Lancer
Le Miel Jospin
7:33 Feudal Age
11:14 Castle Age
9:08 Double-Bit Axe
9:29 Horse Collar
13:09 Bow Saw
14:17 Loom
16:49 Heavy Plow
24:19 Imperial Age
21:56 Fletching
22:56 Ballistics
22:41 Padded Archer Armor
22:36 Bodkin Arrow
24:45 Wheelbarrow
24:41 Leather Archer Armor
24:36 Gold Mining
24:37 Stone Mining
25:20 Bloodlines
25:10 Husbandry
25:18 Bracer
26:17 Ring Archer Armor
26:11 Scale Barding Armor
26:17 Forging
26:01 Elite Battle Elephant
28:20 Chain Barding Armor
29:48 Plate Barding Armor
29:49 Iron Casting
29:28 Siege Elephant
31:14 Gold Shaft Mining
32:23 Blast Furnace
32:24 Paiks
32:40 Conscription
33:46 Devotion
35:00 Caravan
42:30 Heavy Scorpion
44:28 Faith
44:36 Murder Holes
45:01 Masonry
51:13 Town Watch
big ritard pleyer
7:09 Feudal Age
10:57 Castle Age
8:47 Double-Bit Axe
9:03 Horse Collar
13:04 Loom
17:46 Wheelbarrow
17:20 Heavy Plow
19:03 Bow Saw
21:19 Hand Cart
24:43 Imperial Age
22:38 Crossbowman
23:24 Thumb Ring
23:24 Fletching
24:08 Gold Mining
24:20 Bodkin Arrow
24:25 Padded Archer Armor
25:40 Bracer
26:46 Leather Archer Armor
26:54 Elite Skirmisher
26:59 Arbalester
28:10 Ballistics
28:51 Chemistry
29:02 Ring Archer Armor
30:12 Treadmill Crane
30:42 Masonry
30:44 Fortified Wall
30:37 Loom
31:14 Murder Holes
33:45 Conscription
36:40 Siege Engineers
37:05 Architecture
36:27 Heated Shot
39:25 Illumination
39:17 Block Printing
39:40 Theocracy
39:29 Sanctity
39:24 Redemption
38:55 Clerical Recruitment
47:50 Pikeman
50:37 Squires
50:23 Gambesons
Spirit
6:05 Loom
8:10 Feudal Age
10:50 Double-Bit Axe
11:47 Horse Collar
15:45 Castle Age
15:14 Bloodlines
15:34 Gold Mining
16:29 Heavy Plow
16:42 Bow Saw
16:58 Forging
16:53 Scale Barding Armor
26:43 Padded Archer Armor
32:14 Wheelbarrow
33:07 Fortified Wall
32:54 Murder Holes
36:02 Hand Cart
41:30 Imperial Age
43:23 Iron Casting
43:08 Chain Barding Armor
42:16 Cavalier
43:41 Cavalier
45:00 Light Cavalry
47:29 Iron Casting
47:41 Chain Barding Armor
49:29 Blast Furnace
49:04 Plate Barding Armor
Pfnatsch
8:25 Feudal Age
12:49 Castle Age
10:42 Double-Bit Axe
11:17 Horse Collar
15:32 Bow Saw
15:28 Loom
16:23 Wheelbarrow
19:00 Gold Mining
19:04 Town Watch
20:10 Hand Cart
25:01 Imperial Age
22:41 Heavy Plow
22:53 Forging
22:54 Stone Mining
23:19 Squires
23:26 Arson
23:27 Gambesons
24:59 Scale Mail Armor
25:35 Iron Casting
26:06 Gold Shaft Mining
27:07 Conscription
27:06 Chain Mail Armor
28:34 Blast Furnace
27:17 Hamask
29:10 Plate Mail Armor
28:32 Fletching
29:58 Chemistry
29:33 Padded Archer Armor
29:38 Elite Jomsviking
31:13 Fervor
31:24 Sanctity
31:18 Bodkin Arrow
32:57 Redemption
32:37 Elite Varangian Guard
32:44 Elite Skirmisher
34:16 Bracer
34:32 Leather Archer Armor
34:38 Ballistics
35:25 Thumb Ring
35:33 Masonry
36:06 Pikeman
37:01 Caravan
38:21 Theocracy
45:10 Block Printing
47:50 Illumination
Connection lost

Rejoining the realm…

Still unreachable

The connection could not be restored.

Session expired

The server has moved on; the page needs a fresh start.